Unix NetHack Version 5.0.0-0 post-release - last build May  4 2026 22:22:43 (774f63e81ad911689b3a0859ea89b322d5daca8d,branch:main).

Game began 2026-05-09 19:33:40, ended 2026-05-09 21:25:57.

BeardyHaddock, lawful male dwarven Archeologist

                            -----------
     -------       -----    |.........|          ---------
     |.....-###    |...| ###..........|         #.....>...#
     |....%|  #    |....## #..<.......-#        #|.......|#
     |)....|  #    |...|   #--------+--#        #........|#
     |...."|  #    ---.-   #           #        #|......`|#
     --.---   ##      #    #           #       ##---------#
       #       #      %    #           #       #          #
       #       #     ##    #         ###     ###          #
    #  #       ##    #    ##         #       #            #
    ####        #    #     #         #########         @###
   -|---        ##   #     #         #--%--.-#         u---------------
   |...|         #---.-----|---      #|......#         #|.`...........|
   |.]%|         #-...........|      #|.....|          #..............|
   |%%.|          |......[..(.|      #......|          #-.....*.......|
   -----          |...........|       -------           ---------------
                  |...........|
                  |...........|
                  -------------

BeardyHaddock the Field Worker  St:13 Dx:14 Co:15 In:16 Wi:15 Ch:8  Lawful
Dlvl:6  $:175 HP:0(40) Pw:6(6) AC:3  Xp:5 T:6448  Burdened

Latest messages:
 You start chipping the statue.
 You hit the statue with all your might.
 The statue shatters.
 You see here 38 rocks.
 The pony kicks!
 The pony bites!
 A rock piercer suddenly drops from the ceiling!
 Its blow glances off your helm.
 The pony kicks!
 The pony bites!
 The pony misses!
 The pony bites!
 The rock piercer just misses!
 a - a +2 bullwhip (weapon in right hand).
 e - a blessed +0 pick-axe (alternate weapon; not wielded).
 The pony kicks!
 The pony bites!
 e - a blessed +0 pick-axe (weapon in right hand).
 a - a +2 bullwhip (alternate weapon; not wielded).
 The pony just misses!
 The pony bites!
 The pony kicks!
 The pony misses!
 What do you want to write with? [- agjpEUYZ or ?*] -
 You write in the dust with your fingertip.
 What do you want to write in the dust here? Elbereth
 The pony turns to flee.
 You hear someone counting gold coins.
 The rock piercer turns to flee.
 You start digging.
 You hit the rock with all your might.
 You make an opening in the wall.
 The pony kicks!
 The pony bites!
 The pony kicks!
 The pony bites!
 The pony kicks!
 The pony bites!
 What do you want to write with? [- agjpEUYZ or ?*] -
 You write in the dust with your fingertip.
 What do you want to write in the dust here? Elbereth
 The pony kicks!
 The pony bites!
 The pony kicks!
 You die...
 Do you want your possessions identified? [ynq] (y) n
 Do you want to see your attributes? [ynq] (y) n
 Do you want an account of creatures vanquished? [ynaq] (y) n
 Do you want to see your conduct and achievements? [ynq] (y) n
 Do you want to see the dungeon overview? [ynq] (y) n

Inventory:
 Coins    ('$')
  $ - 175 gold pieces
 Amulets  ('"')
  W - a cursed amulet of strangulation
 Weapons  (')')
  a - a +2 bullwhip (alternate weapon; not wielded)
  Y - a +0 mace
 Armor    ('[')
  k - an uncursed rusty +2 orcish helm (being worn)
  y - an uncursed +0 pair of low boots (being worn)
  s - an uncursed +2 leather armor (being worn)
 Comestibles  ('%')
  d - an uncursed food ration
  w - an uncursed food ration
 Scrolls  ('?')
  q - an uncursed scroll of blank paper
  m - a cursed scroll of blank paper
  r - an uncursed scroll of confuse monster
  u - an uncursed scroll of destroy armor
  o - an uncursed scroll of earth
  n - 2 uncursed scrolls of light
  b - an uncursed scroll of remove curse
 Spellbooks  ('+')
  L - an uncursed spellbook of detect treasure
  M - an uncursed spellbook of detect treasure
 Potions  ('!')
  t - an uncursed potion of oil
 Rings    ('=')
  j - an uncursed ring of poison resistance
  p - an uncursed ring of searching
 Wands    ('/')
  Z - a wand of digging (0:7)
  E - a wand of teleportation (0:4)
 Tools    ('(')
  h - an empty uncursed sack
  O - a cursed sack containing 3 items
  i - an uncursed oil lamp
  e - a blessed +0 pick-axe (weapon in right hand)
  Q - a cursed tallow candle
  l - an uncursed tin opener
  f - a tinning kit (0:37)
 Gems/Stones  ('*')
  U - an uncursed jade stone
  g - 2 uncursed touchstones

Contents of the sack:
  a +0 dart
  a +0 long sword
  a +0 long sword

BeardyHaddock the Archeologist's attributes:

Background:
 You were a Field Worker, a level 5 male dwarven Archeologist.
 You were lawful, on a mission for Quetzalcoatl
 who was opposed by Camaxtli (neutral) and Huhetotl (chaotic).
 You were right-handed.
 You were in the Dungeons of Doom, on level 6.
 You entered the dungeon 6448 turns ago.
 You had 318 experience points, 2 more were needed to attain level 6.

Basics:
 You had 0 out of 40 hit points.
 You had all 6 energy points (spell power).
 Your armor class was 3.
 Your wallet contained 175 zorkmids.
 Autopickup was off.

Final Characteristics:
 Your strength was 13 (limit:18/100).
 Your dexterity was 14 (limit:20).
 Your constitution was 15 (limit:20).
 Your intelligence was 16 (limit:16).
 Your wisdom was 15 (limit:16).
 Your charisma was 8 (limit:16).

Final Status:
 You weren't hungry.
 You were burdened; movement was slightly slowed.
 You were wielding a pick-axe.
 You were skilled in pick-axe.

Final Attributes:
 You were piously aligned.
 You were telepathic.
 You had automatic searching.
 You had infravision.
 You were stealthy.
 You were warded.
 You are dead.

Miscellaneous:
 You didn't encounter any bones levels.
 Total elapsed playing time was 1 hour, 9 minutes and 41 seconds.

Major events:
 Turn
    1: BeardyHaddock the lawful male dwarven Archeologist entered the dungeon
 1219: attained the rank of Field Worker (level 3)
 2207: entered the Gnomish Mines
 2846: reached Mine Town
 6448: killed by a pony

You didn't know any spells.

Skills:
 Fighting Skills
   bare handed combat [Unskilled]
   two weapon combat  [Unskilled]
   riding             [Unskilled]
 Weapon Skills
   dagger             [Unskilled]
   knife              [Unskilled]
   pick-axe           [Skilled]
   short sword        [Unskilled]
   saber              [Unskilled]
   club               [Unskilled]
   quarterstaff       [Unskilled]
   sling              [Unskilled]
   dart               [Unskilled]
   boomerang          [Unskilled]
   whip               [Basic]
   unicorn horn       [Unskilled]
 Spellcasting Skills
   attack spells      [Unskilled]
   healing spells     [Unskilled]
   divination spells  [Unskilled]
   matter spells      [Unskilled]

Voluntary challenges:
 Character rerolling was not enabled.
 You never genocided any monsters.
 You never polymorphed an object.
 You never changed form.
 You used no wishes.
Achievements:
 You entered a shop.
 You attained the rank of Field Worker.
 You entered the Gnomish Mines.
 You entered Minetown.

 The Dungeons of Doom: levels 1 to 6
    Level 1:
       A fountain.
    Level 2:
       A weapon shop.
       Stairs down to The Gnomish Mines.
    Level 3:
       Some fountains, a sink.
    Level 4:
       An altar to Quetzalcoatl, a fountain.
    Level 5:
       An altar, a sink.
    Level 6: <- You were here.
       A food shop.
       Final resting place for
          you, killed by a pony.
 The Gnomish Mines: levels 3 to 5
    Level 3:
    Level 4:
    Level 5:
       An altar, a fountain.


Vanquished creatures:
  a leprechaun
 an orc shaman
  2 rock piercers
  a rock mole
  a fog cloud
  a shrieker
  a violet fungus
  a gnome leader
  a gray ooze
  a paper golem
  2 little dogs
  a floating eye
  2 kittens
  2 dwarves
  a homunculus
  a kobold shaman
  6 hill orcs
  2 rothes
  3 rabid rats
  3 giant bats
  3 orc zombies
  7 iguanas
  2 acid blobs
  a hobbit
  3 manes
  2 large kobolds
  9 giant rats
  5 cave spiders
  3 yellow molds
  2 red molds
 10 gnomes
  a gnome zombie
  4 geckos
  4 jackals
  a fox
  4 goblins
  3 sewer rats
  7 grid bugs
  a bat
  8 lichens
  5 kobold zombies
 10 newts
129 creatures vanquished.

No species were genocided or became extinct.

Game over:
                       ----------
                      /          \
                     /    REST    \
                    /      IN      \
                   /     PEACE      \
                  /                  \
                  |  BeardyHaddock   |
                  |      175 Au      |
                  | killed by a pony |
                  |                  |
                  |                  |
                  |                  |
                  |       2026       |
                 *|     *  *  *      | *
        _________)/\\_//(\/(/\)/\//\/|_)_______

Goodbye BeardyHaddock the Archeologist...

You died in The Dungeons of Doom on dungeon level 6 with 1700 points,
and 175 pieces of gold, after 6448 moves.
You were level 5 with a maximum of 40 hit points when you died.

